 Dungeon Crawl Stone Soup version bcrawl-1.21.2 (webtiles) character file.

Game seed: 8088765364021263552

56 Mesmaeker13 the Magician (level 3, -4/21 HPs)
             Began as an Octopode Wizard on Feb 16, 2020.
             Was an Initiate of Sif Muna.
             Slain by Robin
             ... wielding a +0 short sword
              (7 damage)
             ... on level 1 of the Dungeon.
             The game lasted 00:03:53 (2277 turns).

Mesmaeker13 the Magician (Octopode Wizard)          Turns: 2277, Time: 00:03:53

Health: -4/21      AC:  1    Str:  6    XL:     3   Next: 97%
Magic:  3/7        EV: 13    Int: 21    God:    Sif Muna [......]
Gold:   220        SH:  0    Dex: 10    Spells: 5/8 levels left

rFire    . . .     SeeInvis .   f - +2 dagger (holy)
rCold    . . .     Gourm    .   (no shield)
rNeg     . . .     Faith    .   b - +0 hat
rPois    .         Spirit   .   (cloak restricted)
rElec    .         Reflect  .   (no amulet)
rCorr    .         Harm     .   (no ring)
MR       .....                  (no ring)
Stlth    +++.......             (no ring)
HPRegen  0.07/turn              (no ring)
MPRegen  0.10/turn              (no ring)
                                (no ring)
                                (no ring)
                                (no ring)

@: no status effects
A: almost no armour, stealthy swim, amphibious, 8 rings, constrict 8, camouflage
1, gelatinous body 1
a: Divine Energy, Renounce Religion


You were on level 1 of the Dungeon.
You worshipped Sif Muna.
Sif Muna was noncommittal.
You were not hungry.

You visited 1 branch of the dungeon, and saw 3 of its levels.

You collected 220 gold pieces.

Inventory:

Hand Weapons
 f - a +2 dagger of holy wrath (weapon)
Armour
 b - a +0 hat (worn)
Scrolls
 a - a scroll of teleportation {unknown}
 c - a scroll of fog
 h - 2 scrolls of fear {unknown}
 j - a scroll of noise
Potions
 d - a potion of brilliance
 g - a potion of heal wounds {unknown}
 k - 2 potions of curing
 l - a potion of might {unknown}
Comestibles
 e - 4 rations {!d}
 i - a chunk of flesh


   Skills:
 + Level 2.8 Dodging
 - Level 3.0 Stealth
 + Level 3.4 Spellcasting
 + Level 2.1 Conjurations
 + Level 1.2 Summonings
   Level 1.0 Translocations


You had 5 spell levels left.
You knew the following spells:

 Your Spells              Type           Power        Failure   Level  Hunger
a - Magic Dart            Conj           ##..         5%          1    None
b - Call Imp              Summ           #.....       12%         2    ##.....

Your spell library contained the following spells:

 Spells                   Type           Power        Failure   Level  Hunger
 Blink                    Tloc           N/A          13%         2    ##.....
 Conjure Flame            Conj/Fire      #.......     24%         3    ###....
 Mephitic Cloud           Conj/Pois/Air  #.......     28%         3    ###....
 Spider Form              Tmut/Pois      #..          36%         3    ###....


Dungeon Overview and Level Annotations

Branches:
Dungeon (3/12)

Altars:
Sif Muna
The Shining One

Annotations:
D:1 Robin


Innate Abilities, Weirdness & Mutations

You cannot wear most types of armour.
You are very stealthy in the water. (Stealth+)
You are amphibious.
You can wear up to eight rings at the same time.
You can use your tentacles to constrict eight enemies at once.
Your skin changes colour to match your surroundings (Stealth+).
Your rubbery body absorbs attacks. (AC +1, EV +1)


Message History

The magic dart hits Robin.
Robin is heavily wounded.
Robin hits you with a +0 short sword.
* * * LOW HITPOINT WARNING * * *
Casting: Magic Dart (safe; 5% risk of failure)
Confirm with . or Enter, or press ? or * to list all spells.
Aiming: Magic Dart (safe; 5% risk of failure)
Press: ? - help, Shift-Dir - straight line, f/p - Robin
Aim: Robin, wielding a +0 short sword, wearing a +0 animal skin and wearing a +0 helmet (heavily wounded)
The magic dart hits Robin.
Robin is severely wounded.
Robin hits you with a +0 short sword.
* * * LOW HITPOINT WARNING * * *
You hit Robin. Your grab misses Robin.
Robin is severely wounded.
Robin misses you.
You hit Robin. You grab Robin.
Robin is almost dead.
You constrict Robin, but do no damage. Robin hits you with a +0 short sword!
You die...

.....###........#.#.#.#..........
..######.........................
.............................##.#
.............#####...........##.#
..............##.................
..............##....##...........
...#######....##....##...........
...# #....##....##...........
...# #....##@g..###########..
...# #....##....# #.. ####
#....##....# #.. #....##....# #..
#######....# #.# ###### #.# #.#
#.# #.#


You could see Robin.

Vanquished Creatures
  2 worms
  3 dart slugs
  3 leopard geckos
  6 bats
  A giant cockroach (D:1)
  10 goblins
  A hobgoblin (D:1)
  2 jackals
  2 ball pythons (D:2)
  2 frilled lizards (D:1)
  2 kobolds (D:2)
  6 rats (D:1)
40 creatures vanquished.

Notes
Turn   | Place    | Note
-------+----------+-------------------------------------------
     0 | D:1      | Mesmaeker13 the Octopode Wizard began the quest for the
                  | Orb.
     0 | D:1      | Reached XP level 1. HP: 11/11 MP: 4/4
   294 | D:1      | Reached XP level 2. HP: 17/17 MP: 6/6
   949 | D:2      | Reached XP level 3. HP: 21/21 MP: 4/7
  1056 | D:2      | Learned a level 2 spell: Call Imp
  1091 | D:2      | Found a glowing golden altar of the Shining One.
  2029 | D:2      | Found a shimmering blue altar of Sif Muna.
  2032 | D:2      | Became a worshipper of Sif Muna the Loreminder
  2246 | D:3      | Noticed Robin
  2277 | D:1      | Slain by Robin

Skill      XL: |  1  2  3 |
---------------+----------+-----
Conjurations   | 2 |  2.1
Dodging        | |  2.8
Stealth        | |  3.0
Spellcasting   | |  3.4
Summonings     | |  1.2
Translocations | |  1.0

Action                   || total
-------------------------++-------
Melee: Dagger            ||    77
       Constrict         ||    21
       Tentacles         ||     9
 Cast: Magic Dart        ||    27
       Call Imp          ||     1
  Use: Scroll            ||     3
 Stab: Sleeping          ||    11
  Eat: Chunk             ||     4
Armor: Skin              ||     2
Dodge: Dodged            ||    70
